[Event "RUS-ch Men Blitz 2019"]
[Site "Sochi"]
[Date "2019.10.17"]
[Round "2.23"]
[White "Goltsev, Dmitry"]
[Black "Iljin, Artem"]
[Result "1-0"]
[ECO "B41"]
[WhiteElo "2309"]
[BlackElo "2509"]
[Annotator "ChessBase"]
[PlyCount "86"]
[EventDate "2019.10.17"]
[EventType "swiss"]
[EventCountry "RUS"]
[SourceTitle "playchess.com"]
[Source "ChessBase"]
[SourceQuality "1"]
[TimeControl "180+2"]

1. e4 c5 2. Nf3 e6 3. d4 cxd4 4. Nxd4 a6 5. c4 Nf6 6. Nc3 Qc7 7. Be2 Be7 8. O-O d6 9. Be3 O-O 10. Rc1 b6 11. f4 Bb7 12. Qd3 Nbd7 13. Bf3 Rac8 14. b3 Rfe8 15. Rfd1 Bf8 16. Qc2 Qb8 17. Nde2 b5 18. cxb5 axb5 19. Qd3 b4 20. Na4 Bc6 21. Nd4 Bxa4 22. bxa4 Nc5 23. Qb5 Nfxe4 24. Nc6 Qxb5 25. axb5 Nc3 26. Rxc3 bxc3 27. Rc1 Na4 28. Bd1 Nb2 29. Bb3 d5 30. Rxc3 Bb4 31. Rc2 Nd3 32. a4 Bd6 33. a5 e5 34. fxe5 Nxe5 35. Bb6 Ng4 36. g3 Re1+ 37. Kg2 h5 38. Ne7+ Rxe7 39. Rxc8+ Kh7 40. Bxd5 Re2+ 41. Kf1 Rxh2 42. a6 Bxg3 43. a7 Bf2 1-0

[Event "RUS-ch Men Blitz 2019"]
[Site "Sochi"]
[Date "2019.10.17"]
[Round "2.24"]
[White "Khegay, Dmitriy"]
[Black "Kozak, Alexander"]
[Result "1-0"]
[ECO "C50"]
[WhiteElo "2509"]
[BlackElo "2230"]
[Annotator "ChessBase"]
[PlyCount "37"]
[EventDate "2019.10.17"]
[EventType "swiss"]
[EventCountry "RUS"]
[SourceTitle "playchess.com"]
[Source "ChessBase"]
[SourceQuality "1"]
[TimeControl "180+2"]

1. e4 e5 2. Nf3 Nc6 3. Bc4 Nf6 4. d3 Bc5 5. c3 Qe7 6. Nbd2 a5 7. O-O d6 8. Re1 h6 9. Nf1 Nh5 10. d4 Ba7 11. h3 O-O 12. Ne3 Kh8 13. Nd5 Qd8 14. Nxe5 dxe5 15. Qxh5 exd4 16. Bxh6 Kg8 17. Bg5 Qd6 18. e5 Qc5 19. Nf6+ 1-0

[Event "RUS-ch Men Blitz 2019"]
[Site "Sochi"]
[Date "2019.10.17"]
[Round "2.26"]
[White "Lugovskoy, Maxim"]
[Black "Nazaryev, Sergey"]
[Result "1-0"]
[ECO "A45"]
[WhiteElo "2436"]
[BlackElo "2270"]
[Annotator "NA"]
[PlyCount "55"]
[EventDate "2019.10.17"]
[EventType "swiss"]
[EventCountry "RUS"]
[SourceTitle "playchess.com"]
[Source "ChessBase"]
[SourceQuality "1"]
[TimeControl "180+2"]

1. d4 Nf6 2. Nc3 d5 3. Bf4 c6 4. e3 Bf5 5. f3 e6 6. g4 Bg6 7. h4 h5 8. g5 Nfd7 9. Nge2 Qb6 10. Rb1 c5 11. Bh3 Nc6 12. Bg3 cxd4 13. exd4 Nb4 14. Rc1 Bd6 15. Bf4 Bxf4 16. Nxf4 Bxc2 17. Qd2 Qd6 18. O-O O-O 19. a3 Nd3 20. Nxd3 Qg3+ 21. Bg2 Bxd3 22. Qxd3 Qxh4 23. f4 f6 24. Qh3 Qxh3 25. Bxh3 f5 26. Rfe1 Kf7 27. Nb5 Ke7 28. Nc7 1-0

[Event "RUS-ch Men Blitz 2019"]
[Site "Sochi"]
[Date "2019.10.20"]
[Round "2.27"]
[White "Rozhko, Dmitry"]
[Black "Potapov, Pavel"]
[Result "1-0"]
[ECO "A81"]
[WhiteElo "2305"]
[BlackElo "2489"]
[Annotator "ChessBase"]
[PlyCount "153"]
[EventDate "2019.10.17"]
[EventType "swiss"]
[EventCountry "RUS"]
[SourceTitle "playchess.com"]
[Source "ChessBase"]
[SourceQuality "1"]
[TimeControl "180+2"]

1. d4 f5 2. g3 Nf6 3. Bg2 g6 4. Nh3 d6 5. Nf4 c6 6. h4 e5 7. dxe5 dxe5 8. Qxd8+ Kxd8 9. Nd3 e4 10. Nf4 Kc7 11. Bd2 Bd6 12. Bc3 Rf8 13. Nd2 b5 14. a3 a5 15. Nb3 a4 16. Nd4 Bxf4 17. gxf4 Nd5 18. e3 Bd7 19. h5 Na6 20. O-O-O Nxc3 21. bxc3 c5 22. Ne2 Rf7 23. Rd2 Bc6 24. hxg6 hxg6 25. Rh6 Rg8 26. Ng3 Nb8 27. Bf1 c4 28. Ne2 Nd7 29. Nd4 Nf6 30. Ne6+ Kb6 31. Be2 Rd7 32. Rxd7 Bxd7 33. Nd4 Kc7 34. f3 exf3 35. Bxf3 Kd6 36. Kd2 Ke7 37. Ke2 Kf7 38. Rh1 Rb8 39. Bc6 Bxc6 40. Nxc6 Rb6 41. Ne5+ Kg7 42. Rg1 Ne4 43. Nf3 Nxc3+ 44. Kd2 Ne4+ 45. Ke2 Rd6 46. Nd4 Rd5 47. Rc1 Kf6 48. Rg1 Kg7 49. Kf3 Kf6 50. Rh1 Kg7 51. Rh2 Nf6 52. Rh1 Ne4 53. Rg1 Kf7 54. Rh1 Kg7 55. Rg1 c3 56. Rg2 Kf7 57. Rh2 Kg8 58. Rg2 Kg7 59. Rg1 Nd6 60. Rb1 Kf6 61. Ke2 Rc5 62. Kd3 g5 63. fxg5+ Kg6 64. Rh1 Ne4 65. Rh6+ Kxg5 66. Rb6 Kg4 67. Rxb5 Rc8 68. Ne6 Nf6 69. Rb4+ Kg3 70. Rxa4 Re8 71. Nd4 f4 72. exf4 Nd5 73. Ra5 Nxf4+ 74. Kxc3 Re3+ 75. Kc4 Re4 76. c3 Ne2 77. Kd3 1-0

[Event "RUS-ch Men Blitz 2019"]
[Site "Sochi"]
[Date "2019.10.17"]
[Round "2.27"]
[White "Sibriaev, Aleksandr"]
[Black "Papin, Vasily"]
[Result "0-1"]
[ECO "A00"]
[WhiteElo "2238"]
[BlackElo "2481"]
[Annotator "ChessBase"]
[PlyCount "94"]
[EventDate "2019.10.17"]
[EventType "swiss"]
[EventCountry "RUS"]
[SourceTitle "playchess.com"]
[Source "ChessBase"]
[SourceQuality "1"]
[TimeControl "180+2"]

1. Nc3 c5 2. e4 a6 3. a4 e6 4. g3 d5 5. Bg2 Nf6 6. d3 Nc6 7. Nge2 d4 8. Nb1 e5 9. O-O Bd6 10. Nd2 Rb8 11. Nc4 Bc7 12. f4 b5 13. Nxe5 Nxe5 14. fxe5 Bxe5 15. axb5 axb5 16. Bf4 Qe7 17. h3 O-O 18. Bxe5 Qxe5 19. Nf4 c4 20. Qf3 Bb7 21. Ra5 Qc7 22. Rfa1 Qb6 23. Qf2 Rfd8 24. Kh2 Nd7 25. Nd5 Bxd5 26. exd5 Ne5 27. Qf5 Re8 28. Ra6 Qc5 29. Be4 g6 30. Qf2 cxd3 31. cxd3 Rbc8 32. Rf1 f5 33. Bxf5 gxf5 34. Qxf5 Qc2+ 35. Rf2 Qxd3 36. Qg5+ Ng6 37. h4 Rc2 38. Rxc2 Qxc2+ 39. Kh3 Qc8+ 40. Re6 Rxe6 41. dxe6 Qxe6+ 42. Kh2 Qe2+ 43. Kh3 Qe6+ 44. Kh2 Qe5 45. Qd8+ Kg7 46. Qd7+ Kh6 47. Qxb5 Qxb5 0-1

[Event "RUS-ch Men Blitz 2019"]
[Site "Sochi"]
[Date "2019.10.20"]
[Round "2.28"]
[White "Belyakov, Bogdan"]
[Black "Nuristani, Iman"]
[Result "1-0"]
[ECO "C10"]
[WhiteElo "2495"]
[BlackElo "2224"]
[Annotator "ChessBase"]
[PlyCount "51"]
[EventDate "2019.10.17"]
[EventType "swiss"]
[EventCountry "RUS"]
[SourceTitle "playchess.com"]
[Source "ChessBase"]
[SourceQuality "1"]
[TimeControl "180+2"]

1. e4 e6 2. d4 d5 3. Nc3 dxe4 4. Nxe4 Bd7 5. Nf3 Bc6 6. Bd3 Nd7 7. O-O Ngf6 8. Neg5 Bd6 9. c4 Bxf3 10. Qxf3 c6 11. Re1 O-O 12. Ne4 Nxe4 13. Rxe4 g6 14. Bh6 Re8 15. h4 Qf6 16. Qe2 Bf8 17. Bg5 Qg7 18. h5 Nf6 19. h6 Qh8 20. Rf4 Nh5 21. Rh4 Be7 22. Rxh5 gxh5 23. Be3 Qf6 24. Qxh5 Bf8 25. Qg4+ Kh8 26. Bg5 1-0

[Event "RUS-ch Men Blitz 2019"]
[Site "Sochi"]
[Date "2019.10.17"]
[Round "2.29"]
[White "Gutenev, Alexander"]
[Black "Gogolev, Artem"]
[Result "1-0"]
[ECO "C67"]
[WhiteElo "2469"]
[BlackElo "2339"]
[Annotator "ChessBase"]
[PlyCount "49"]
[EventDate "2019.10.17"]
[EventType "swiss"]
[EventCountry "RUS"]
[SourceTitle "playchess.com"]
[Source "ChessBase"]
[SourceQuality "1"]
[TimeControl "180+2"]

1. e4 e5 2. Nf3 Nc6 3. Bb5 Nf6 4. O-O Nxe4 5. Re1 Nd6 6. Nxe5 Nxe5 7. Rxe5+ Be7 8. Bf1 O-O 9. Nc3 Bf6 10. Re1 Re8 11. Nd5 Rxe1 12. Qxe1 b6 13. g3 Bb7 14. Bg2 Bxd5 15. Bxd5 c6 16. Bf3 Qc7 17. c3 Re8 18. Qf1 g6 19. d4 c5 20. dxc5 bxc5 21. Bf4 Be5 22. Bxe5 Rxe5 23. Rd1 Ne8 24. Qd3 d6 25. Kg2 1-0

[Event "RUS-ch Men Blitz 2019"]
[Site "Sochi"]
[Date "2019.10.17"]
[Round "3.2"]
[White "Sadovsky, Artem"]
[Black "Tsydypov, Zhamsaran"]
[Result "1-0"]
[ECO "A14"]
[WhiteElo "2411"]
[BlackElo "2553"]
[Annotator "ChessBase"]
[PlyCount "71"]
[EventDate "2019.10.17"]
[EventType "swiss"]
[EventCountry "RUS"]
[SourceTitle "playchess.com"]
[Source "ChessBase"]
[SourceQuality "1"]
[TimeControl "180+2"]

1. c4 Nf6 2. g3 e6 3. Bg2 d5 4. Nf3 Be7 5. O-O O-O 6. b3 b6 7. Bb2 Bb7 8. d3 c5 9. Ne5 Qc7 10. Nd2 Bd6 11. f4 d4 12. Bxb7 Qxb7 13. Ndf3 Bxe5 14. Nxe5 Nbd7 15. Nxd7 Qxd7 16. e4 b5 17. Rc1 Rac8 18. f5 e5 19. Rc2 Ne8 20. g4 bxc4 21. Rxc4 Nd6 22. Rc2 f6 23. Bc1 Nf7 24. h4 h6 25. g5 fxg5 26. hxg5 hxg5 27. Qh5 Rc6 28. Bxg5 Nxg5 29. Qxg5 Rff6 30. Rg2 Qf7 31. Rf3 Kf8 32. Rh3 Kg8 33. Qh4 Rh6 34. Qxh6 Rxh6 35. Rxh6 Qb7 36. f6 1-0

[Event "RUS-ch Men Blitz 2019"]
[Site "Sochi"]
[Date "2019.10.20"]
[Round "3.5"]
[White "Savitskiy, Sergey"]
[Black "Grachev, Boris"]
[Result "1/2-1/2"]
[ECO "B46"]
[WhiteElo "2407"]
[BlackElo "2621"]
[Annotator "ChessBase"]
[PlyCount "106"]
[EventDate "2019.10.17"]
[EventType "swiss"]
[EventCountry "RUS"]
[SourceTitle "playchess.com"]
[Source "ChessBase"]
[SourceQuality "1"]
[TimeControl "180+2"]

1. e4 c5 2. Nf3 e6 3. d4 cxd4 4. Nxd4 Nc6 5. Nc3 a6 6. g3 Nxd4 7. Qxd4 b5 8. Bg2 Bb7 9. O-O Ne7 10. Re1 Nc6 11. Qd1 Ne5 12. f4 Bc5+ 13. Kh1 Ng6 14. Qh5 Bd4 15. Be3 Bxe3 16. Rxe3 O-O 17. Rd1 b4 18. Ne2 Rc8 19. Nd4 Qb6 20. Re2 Qc5 21. Qxc5 Rxc5 22. Nb3 Rc7 23. Na5 Ba8 24. e5 Ne7 25. Bxa8 Rxa8 26. b3 Nd5 27. Red2 Rc3 28. Nc4 h5 29. Kg1 a5 30. Kf2 a4 31. Re1 axb3 32. axb3 h4 33. Ree2 Ra2 34. Nd6 h3 35. Ne4 Rc7 36. c4 Rxd2 37. Rxd2 Ne7 38. Ng5 Nc6 39. Nxh3 Ra7 40. Ng5 f6 41. exf6 gxf6 42. Ne4 Kf7 43. Nc5 Ke7 44. Ne4 f5 45. Ng5 Ra3 46. Rb2 Nd4 47. h4 Nxb3 48. h5 Nc5 49. Rb1 Ra2+ 50. Ke3 Ra3+ 51. Kf2 Ra2+ 52. Ke3 Ra3+ 53. Kf2 Ra2+ 1/2-1/2

[Event "RUS-ch Men Blitz 2019"]
[Site "Sochi"]
[Date "2019.10.17"]
[Round "3.6"]
[White "Belyakov, Bogdan"]
[Black "Lysyj, Igor"]
[Result "1-0"]
[ECO "C44"]
[WhiteElo "2495"]
[BlackElo "2596"]
[Annotator "ChessBase"]
[PlyCount "40"]
[EventDate "2019.10.17"]
[EventType "swiss"]
[EventCountry "RUS"]
[SourceTitle "playchess.com"]
[Source "ChessBase"]
[SourceQuality "1"]
[TimeControl "180+2"]

1. e4 e5 2. Nf3 Nc6 3. c3 Nf6 4. d4 Nxe4 5. d5 Bc5 6. dxc6 Bxf2+ 7. Ke2 Bb6 8. Qd5 Nf2 9. Rg1 O-O 10. cxb7 Bxb7 11. Qxb7 Qf6 12. Qd5 c6 13. Qxd7 Ne4 14. Qg4 Bxg1 15. Qxe4 Bb6 16. Na3 h6 17. Nc4 Bc7 18. Kf2 Qe6 19. Ne3 Kh8 20. Bc4 Qe7 1-0

[Event "RUS-ch Men Blitz 2019"]
[Site "Sochi"]
[Date "2019.10.17"]
[Round "3.7"]
[White "Yudin, Sergei"]
[Black "Apryshko, Gleb"]
[Result "1-0"]
[ECO "C50"]
[WhiteElo "2497"]
[BlackElo "2382"]
[Annotator "ChessBase"]
[PlyCount "41"]
[EventDate "2019.10.17"]
[EventType "swiss"]
[EventCountry "RUS"]
[SourceTitle "playchess.com"]
[Source "ChessBase"]
[SourceQuality "1"]
[TimeControl "180+2"]

1. e4 e5 2. Nf3 Nc6 3. Bc4 Bc5 4. d3 Nf6 5. O-O h6 6. c3 Bb6 7. Re1 O-O 8. h3 d6 9. Bb3 Ne7 10. Nbd2 Ng6 11. Nf1 c6 12. Ng3 Re8 13. d4 Be6 14. Bc2 Qc7 15. Be3 Rad8 16. Qc1 d5 17. dxe5 dxe4 18. Nxe4 Bxe3 19. Nxf6+ gxf6 20. Qxe3 f5 21. Qxh6 1-0

[Event "RUS-ch Men Blitz 2019"]
[Site "Sochi"]
[Date "2019.10.17"]
[Round "3.8"]
[White "Glek, Igor"]
[Black "Grachev, Boris"]
[Result "0-1"]
[ECO "B40"]
[WhiteElo "2467"]
[BlackElo "2621"]
[Annotator "RC"]
[PlyCount "50"]
[EventDate "2019.10.17"]
[EventType "swiss"]
[EventCountry "RUS"]
[SourceTitle "playchess.com"]
[Source "ChessBase"]
[SourceQuality "1"]
[TimeControl "180+2"]

1. e4 c5 2. Nf3 e6 3. Nc3 Nc6 4. Bb5 Nd4 5. Bc4 a6 6. Nxd4 cxd4 7. Ne2 Nf6 8. d3 Bc5 9. O-O O-O 10. Bg5 h6 11. Bh4 g5 12. Bg3 d5 13. exd5 Nxd5 14. c3 b5 15. cxd4 Bb6 16. Bb3 Bb7 17. Rc1 Qf6 18. Be5 Qg6 19. Qd2 Rac8 20. f4 Rxc1 21. Rxc1 gxf4 22. Bxd5 Bxd5 23. Nxf4 Qg5 24. Qf2 f6 25. Bd6 e5 0-1

[Event "RUS-ch Men Blitz 2019"]
[Site "Sochi"]
[Date "2019.10.17"]
[Round "3.11"]
[White "Smagin, Sergey"]
[Black "Pridorozhni, Aleksei"]
[Result "1/2-1/2"]
[ECO "B22"]
[WhiteElo "2551"]
[BlackElo "2599"]
[Annotator "ChessBase"]
[PlyCount "58"]
[EventDate "2019.10.17"]
[EventType "swiss"]
[EventCountry "RUS"]
[SourceTitle "playchess.com"]
[Source "ChessBase"]
[SourceQuality "1"]
[TimeControl "180+2"]

1. e4 c5 2. c3 e6 3. d4 d5 4. exd5 exd5 5. Nf3 Nc6 6. Bb5 Bd6 7. dxc5 Bxc5 8. Nbd2 Nge7 9. Nb3 Bb6 10. O-O O-O 11. Bd3 Bf5 12. Bg5 Qd7 13. Qc2 f6 14. Bf4 Bxd3 15. Qxd3 Ng6 16. Be3 Nge5 17. Nxe5 fxe5 18. Bc5 Rf6 19. Rad1 Rd8 20. Bxb6 axb6 21. Rfe1 Qf7 22. Qe3 h5 23. Rd2 h4 24. h3 Rg6 25. Red1 Rd7 26. Kh2 Rf6 27. Kg1 Rg6 28. Kh2 Rf6 29. Kg1 Rg6 1/2-1/2

[Event "RUS-ch Men Blitz 2019"]
[Site "Sochi"]
[Date "2019.10.20"]
[Round "3.11"]
[White "Triapishko, Alexandr"]
[Black "Bryakin, Mikhail"]
[Result "0-1"]
[ECO "A06"]
[WhiteElo "2514"]
[BlackElo "2440"]
[Annotator "ChessBase"]
[PlyCount "152"]
[EventDate "2019.10.17"]
[EventType "swiss"]
[EventCountry "RUS"]
[SourceTitle "playchess.com"]
[Source "ChessBase"]
[SourceQuality "1"]
[TimeControl "180+2"]

1. Nf3 d5 2. g3 c6 3. Bg2 Nf6 4. c4 Bf5 5. cxd5 cxd5 6. Qb3 Qb6 7. Qxb6 axb6 8. Nc3 Bd7 9. Ne5 e6 10. Nxd7 Nbxd7 11. O-O Be7 12. d4 O-O 13. Bd2 Rfc8 14. Rfc1 Rc4 15. e3 Rac8 16. Bf1 R4c7 17. Nb5 Rxc1 18. Rxc1 Rxc1 19. Bxc1 Kf8 20. Bd3 h6 21. f3 Ke8 22. Kf1 Kd8 23. Ke2 Nb8 24. a3 Nc6 25. Bd2 Na5 26. Bc2 Ne8 27. b3 Nd6 28. Nc3 Ne8 29. Bc1 Nf6 30. g4 Kd7 31. h3 Kc7 32. e4 Nc6 33. Nb5+ Kd7 34. e5 Ne8 35. f4 Nc7 36. Bd3 Kd8 37. Bb2 Nxb5 38. Bxb5 Bxa3 39. Bc3 Be7 40. Bd3 Bb4 41. Bb2 Be7 42. Ke3 Bh4 43. Bc3 Bg3 44. b4 Bh2 45. Kf2 Bxf4 46. b5 Na5 47. h4 Nc4 48. Kf3 Bc1 49. Ke2 Bb2 50. Bxb2 Nxb2 51. Bc2 Nc4 52. Bd3 Na5 53. g5 Ke7 54. gxh6 gxh6 55. Ke3 f6 56. exf6+ Kxf6 57. Bc2 Nc4+ 58. Kf4 e5+ 59. dxe5+ Nxe5 60. Ke3 Ke6 61. Kf4 Nc4 62. Bf5+ Kf6 63. Bd3 Nd6 64. Kg4 Nf7 65. Kf4 Ne5 66. Bc2 Nc4 67. Bd3 Ne5 68. Bc2 d4 69. Be4 d3 70. Ke3 Ke6 71. Bxb7 Kd6 72. Be4 Kc5 73. Kd2 Kd4 74. Bg2 Nc4+ 75. Ke1 Ke3 76. Bd5 d2+ 0-1

[Event "RUS-ch Men Blitz 2019"]
[Site "Sochi"]
[Date "2019.10.17"]
[Round "3.12"]
[White "Rozum, Ivan"]
[Black "Gochelashvili, David"]
[Result "0-1"]
[ECO "E68"]
[WhiteElo "2599"]
[BlackElo "2403"]
[Annotator "ChessBase"]
[PlyCount "82"]
[EventDate "2019.10.17"]
[EventType "swiss"]
[EventCountry "RUS"]
[SourceTitle "playchess.com"]
[Source "ChessBase"]
[SourceQuality "1"]
[TimeControl "180+2"]

1. c4 g6 2. g3 Bg7 3. Bg2 Nf6 4. Nc3 e5 5. Nf3 d6 6. d4 Nbd7 7. O-O O-O 8. e4 c6 9. Re1 exd4 10. Nxd4 Qb6 11. Re2 Ng4 12. Rd2 Nc5 13. h3 Ne5 14. b3 f5 15. exf5 gxf5 16. Nce2 Ne4 17. Rc2 Bd7 18. Bb2 Ng6 19. Qf1 Rae8 20. f4 Nxg3 21. Nxg3 Bxd4+ 22. Kh1 Bxb2 23. Rxb2 Qd4 24. Rf2 Nh4 25. Rd1 Qf6 26. Rfd2 Re6 27. Qf2 Qh6 28. Bf1 c5 29. Kh2 Bc6 30. Rd3 Rfe8 31. Qd2 Nf3+ 32. Rxf3 Bxf3 33. Nxf5 Qf6 34. Nxd6 Re2+ 35. Bxe2 Rxe2+ 36. Kg3 Qg6+ 37. Kh4 Rxd2 38. Rxd2 Kh8 39. Nb5 a6 40. Nc3 Qf6+ 41. Kg3 Qxc3 0-1

[Event "RUS-ch Men Blitz 2019"]
[Site "Sochi"]
[Date "2019.10.17"]
[Round "3.13"]
[White "Nechaev, Oleg"]
[Black "Sakaev, Konstantin"]
[Result "0-1"]
[ECO "A45"]
[WhiteElo "2371"]
[BlackElo "2595"]
[Annotator "ChessBase"]
[PlyCount "55"]
[EventDate "2019.10.17"]
[EventType "swiss"]
[EventCountry "RUS"]
[SourceTitle "playchess.com"]
[Source "ChessBase"]
[SourceQuality "1"]
[TimeControl "180+2"]

1. d4 Nf6 2. Bg5 d5 3. e3 c5 4. c3 Qb6 5. Qc2 Ne4 6. Bf4 Bf5 7. Qb3 c4 8. Qxb6 axb6 9. f3 Nf6 10. e4 dxe4 11. Bxc4 Nc6 12. Nd2 e6 13. fxe4 Nxe4 14. Ngf3 Bd6 15. Bxd6 Nxd6 16. Be2 b5 17. O-O b4 18. c4 O-O 19. Nb3 Rfd8 20. a3 Bc2 21. Nc5 b6 22. Nd3 bxa3 23. Rxa3 Rxa3 24. bxa3 Nxc4 25. Rc1 Nxa3 26. Nde5 Nxe5 27. Nxe5 f6 28. Nc4 0-1

[Event "RUS-ch Men Blitz 2019"]
[Site "Sochi"]
[Date "2019.10.17"]
[Round "3.14"]
[White "Jary, Sergey"]
[Black "Antipov, Mikhail Al."]
[Result "0-1"]
[ECO "A04"]
[WhiteElo "2275"]
[BlackElo "2567"]
[Annotator "ChessBase"]
[PlyCount "80"]
[EventDate "2019.10.17"]
[EventType "swiss"]
[EventCountry "RUS"]
[SourceTitle "playchess.com"]
[Source "ChessBase"]
[SourceQuality "1"]
[TimeControl "180+2"]

1. Nf3 c5 2. g3 g6 3. h4 h5 4. Bg2 Bg7 5. c4 Nc6 6. Nc3 Nh6 7. d3 Nf5 8. a3 d6 9. Bd2 Bd7 10. Rb1 a5 11. a4 O-O 12. Nb5 Nb4 13. Bc3 e5 14. O-O Bc6 15. e4 Nd4 16. Nbxd4 cxd4 17. Bxb4 axb4 18. b3 Bh6 19. Bh3 f5 20. Re1 fxe4 21. dxe4 Qf6 22. Bg2 Bd7 23. Qc2 Rf7 24. Rf1 Raf8 25. Qd3 Qe6 26. Rb2 Rf6 27. Rc2 b6 28. Ne1 g5 29. hxg5 Bxg5 30. Nf3 Rg6 31. Nxg5 Rxg5 32. f4 Rg7 33. f5 Qh6 34. Rf3 Kf7 35. Qd2 Qxd2 36. Rxd2 Rfg8 37. Rdd3 Bc6 38. Rf2 Rxg3 39. Rxg3 Rxg3 40. Rf3 Rxg2+ 0-1

[Event "RUS-ch Men Blitz 2019"]
[Site "Sochi"]
[Date "2019.10.17"]
[Round "3.15"]
[White "Triapishko, Alexandr"]
[Black "Mikhailovsky, Vladimir"]
[Result "1-0"]
[ECO "A06"]
[WhiteElo "2514"]
[BlackElo "2209"]
[Annotator "ChessBase"]
[PlyCount "81"]
[EventDate "2019.10.17"]
[EventType "swiss"]
[EventCountry "RUS"]
[SourceTitle "playchess.com"]
[Source "ChessBase"]
[SourceQuality "1"]
[TimeControl "180+2"]

1. Nf3 d5 2. g3 Nc6 3. d4 Bg4 4. Bg2 e6 5. c4 Bb4+ 6. Bd2 Bxd2+ 7. Nbxd2 Nge7 8. O-O dxc4 9. Qa4 O-O 10. Qxc4 Bxf3 11. Nxf3 Qd6 12. e3 Rad8 13. Rac1 h6 14. Qc5 b6 15. Qc3 Rd7 16. a3 a5 17. Nd2 Nd8 18. Nc4 Nd5 19. Qc2 Qe7 20. Ne5 Rd6 21. Bxd5 Rxd5 22. Qxc7 Qxc7 23. Rxc7 Rb5 24. Nd3 f6 25. a4 Rb3 26. Rc3 Rxc3 27. bxc3 Nb7 28. Rb1 Nd6 29. Rxb6 Ne4 30. c4 e5 31. c5 exd4 32. exd4 Rd8 33. c6 Kh7 34. c7 Rc8 35. Rc6 f5 36. d5 Nf6 37. d6 Kg8 38. Nc5 Kf7 39. d7 Nxd7 40. Nxd7 Ke7 41. Nb6 1-0

[Event "RUS-ch Men Blitz 2019"]
[Site "Sochi"]
[Date "2019.10.20"]
[Round "3.16"]
[White "Remizov, Yaroslav"]
[Black "Ozgibcev, Anatoly"]
[Result "1-0"]
[ECO "B01"]
[WhiteElo "2394"]
[BlackElo "2367"]
[Annotator "NA"]
[PlyCount "51"]
[EventDate "2019.10.17"]
[EventType "swiss"]
[EventCountry "RUS"]
[SourceTitle "playchess.com"]
[Source "ChessBase"]
[SourceQuality "1"]
[TimeControl "180+2"]

1. e4 d5 2. exd5 Nf6 3. Nf3 Qxd5 4. Nc3 Qd6 5. d4 a6 6. g3 Bg4 7. Bg2 Nc6 8. O-O O-O-O 9. h3 Bh5 10. g4 Bg6 11. Be3 e6 12. Qe2 Be7 13. Rfd1 Nd5 14. Nxd5 exd5 15. c4 Be4 16. c5 Qd7 17. b4 h5 18. b5 axb5 19. Qxb5 Nb8 20. Qb3 Nc6 21. Rab1 Rde8 22. Qxb7+ Kd8 23. Qa8+ Qc8 24. Qxc6 hxg4 25. Ne5 Ref8 26. Rb8 1-0

[Event "RUS-ch Men Blitz 2019"]
[Site "Sochi"]
[Date "2019.10.17"]
[Round "3.17"]
[White "Shcherbin, Matvei"]
[Black "Khegay, Dmitriy"]
[Result "1/2-1/2"]
[ECO "B06"]
[WhiteElo "2366"]
[BlackElo "2509"]
[Annotator "RC"]
[PlyCount "176"]
[EventDate "2019.10.17"]
[EventType "swiss"]
[EventCountry "RUS"]
[SourceTitle "playchess.com"]
[Source "ChessBase"]
[SourceQuality "1"]
[TimeControl "180+2"]

1. e4 g6 2. d4 Bg7 3. Nc3 d6 4. Bg5 a6 5. f4 b5 6. Nf3 Bb7 7. Qd2 Nf6 8. e5 Ne4 9. Nxe4 Bxe4 10. Bd3 Bxd3 11. Qxd3 O-O 12. O-O-O Qd7 13. d5 dxe5 14. fxe5 c5 15. Rhe1 e6 16. Kb1 c4 17. Qe4 exd5 18. Rxd5 Qb7 19. Rd6 Qxe4 20. Rxe4 Re8 21. Re1 Bf8 22. Rd5 Nc6 23. Bf6 Be7 24. g4 Bf8 25. g5 Re6 26. Red1 Rae8 27. Nd4 Nxd4 28. R5xd4 h6 29. h4 Bc5 30. Rd8 h5 31. Rxe8+ Rxe8 32. Rd7 Bf2 33. e6 fxe6 34. Rg7+ Kf8 35. Rxg6 Bxh4 36. Rh6 Kf7 37. Rxh5 Bg3 38. Kc1 Kg6 39. Rh6+ Kf5 40. Kd1 Bf4 41. Rh5 Rg8 42. Ke2 Bxg5 43. Bxg5 Rxg5 44. Rh2 Ke4 45. c3 Rg4 46. Rf2 e5 47. Rg2 Rh4 48. Rf2 {[%emt 0:00:00] Kf4 Rf3+ Kg4 Rf2} Rh3 49. Rg2 Kf4 50. Rf2+ Ke4 51. Rg2 Re3+ 52. Kd2 Rf3 53. Ke2 Rf4 54. Rg6 Rh4 55. Rg2 a5 56. a3 b4 57. axb4 axb4 58. cxb4 Rh3 59. Rg4+ Kd5 60. Kd2 Rb3 61. Kc2 Rxb4 62. Rh4 Rb3 63. Rg4 Rh3 64. Kd2 e4 65. Rg8 Rh2+ 66. Kc3 Rh3+ 67. Kd2 Rd3+ 68. Kc2 Kd4 69. Rd8+ Ke3 70. Rc8 Rd2+ 71. Kc3 Rd1 72. Kc2 Rd2+ 73. Kc3 Rd1 74. Kc2 Rd4 75. Kc3 Rd1 76. Kc2 Rd7 77. Rxc4 Kf3 78. Rc8 e3 79. Rf8+ Kg2 80. Rg8+ Kf2 81. Rf8+ Ke1 82. b4 e2 83. Re8 Rd5 84. Kc3 Kd1 85. Kc4 Rd2 86. b5 Rc2+ 87. Kd5 Rb2 88. Kc6 Rc2+ 1/2-1/2

[Event "RUS-ch Men Blitz 2019"]
[Site "Sochi"]
[Date "2019.10.17"]
[Round "3.18"]
[White "Remizov, Yaroslav"]
[Black "Drygalov, Andrey"]
[Result "0-1"]
[ECO "B41"]
[WhiteElo "2394"]
[BlackElo "2484"]
[Annotator "ChessBase"]
[PlyCount "100"]
[EventDate "2019.10.17"]
[EventType "swiss"]
[EventCountry "RUS"]
[SourceTitle "playchess.com"]
[Source "ChessBase"]
[SourceQuality "1"]
[TimeControl "180+2"]

1. e4 c5 2. Nf3 e6 3. d4 cxd4 4. Nxd4 a6 5. c4 Nf6 6. Nc3 Qc7 7. Be2 Bb4 8. O-O O-O 9. Bg5 Bxc3 10. Bxf6 Bb4 11. Bh4 Nc6 12. Bg3 e5 13. Nc2 Bc5 14. Kh1 d6 15. f4 exf4 16. Bxf4 Be6 17. Qd2 Ne5 18. b4 Ba7 19. Bxe5 dxe5 20. c5 a5 21. a3 b6 22. cxb6 Bxb6 23. bxa5 Bxa5 24. Nb4 Rfd8 25. Qg5 h6 26. Qg3 Bxb4 27. axb4 Rxa1 28. Rxa1 Qc2 29. Qe1 Qxe4 30. b5 Bd5 31. Bf3 Qxe1+ 32. Rxe1 e4 33. Be2 Rb8 34. Rd1 Be6 35. h3 Kf8 36. Kh2 Ke7 37. Kg3 g5 38. h4 f5 39. hxg5 hxg5 40. Kf2 f4 41. Rh1 g4 42. Rh7+ Kd6 43. Rh6 Ke5 44. Rh5+ Kd4 45. Rh6 g3+ 46. Ke1 Bd5 47. b6 f3 48. gxf3 exf3 49. Ba6 Ke3 50. Kf1 g2+ 0-1

[Event "RUS-ch Men Blitz 2019"]
[Site "Sochi"]
[Date "2019.10.17"]
[Round "3.19"]
[White "Sysolyatin, Evgeny"]
[Black "Lugovskoy, Maxim"]
[Result "1-0"]
[ECO "C15"]
[WhiteElo "2271"]
[BlackElo "2436"]
[Annotator "NA"]
[PlyCount "73"]
[EventDate "2019.10.17"]
[EventType "swiss"]
[EventCountry "RUS"]
[SourceTitle "playchess.com"]
[Source "ChessBase"]
[SourceQuality "1"]
[TimeControl "180+2"]

1. e4 e6 2. d4 d5 3. Nc3 Bb4 4. Bb5+ Bd7 5. Bd3 dxe4 6. Bxe4 Bc6 7. Bxc6+ Nxc6 8. Nf3 Nf6 9. O-O Bxc3 10. bxc3 Qd5 11. Qe2 h6 12. Bf4 Rc8 13. Rfd1 O-O 14. c4 Qf5 15. Be3 Rfd8 16. h3 Qe4 17. Qd3 Nb4 18. Qxe4 Nxe4 19. Rac1 Nc3 20. Rd2 Nbxa2 21. Ra1 c5 22. dxc5 a5 23. Bd4 a4 24. Kf1 f6 25. Rd3 e5 26. Bxc3 Rxd3 27. cxd3 Nxc3 28. Ra3 b5 29. cxb6 e4 30. Rxc3 exf3 31. c5 fxg2+ 32. Kxg2 Kf7 33. b7 Rb8 34. c6 a3 35. c7 a2 36. Ra3 Rxb7 37. c8=Q 1-0